 Dungeon Crawl Stone Soup version 0.22.1-2-g9c5b331 (webtiles) character file.

74 lysyklops the Covered (level 4, -2/41 HPs)
             Began as a Minotaur Fighter on Dec 19, 2018.
             Was an Initiate of Qazlal.
             Killed from afar by Sigmund (5 damage)
             ... with a puff of flame
             ... on level 3 of the Dungeon.
             The game lasted 00:02:31 (1912 turns).

lysyklops the Covered (Minotaur Fighter)            Turns: 1912, Time: 00:02:32

Health: -2/41      AC:  7    Str: 27    XL:     4   Next: 9%
Magic:  3/3        EV:  7    Int:  5    God:    Qazlal [......]
Gold:   129        SH: 10    Dex:  9    Spells: 3/3 levels left

rFire    . . .     SeeInvis .   a - +0 long sword
rCold    . . .     Gourm    .   c - +0 shield
rNeg     . . .     Faith    .   b - +0 scale mail
rPois    .         Spirit   .   (helmet restricted)
rElec    .         Reflect  .   (no cloak)
rCorr    .         Harm     .   (no gloves)
MR       .....                  (no boots)
Stlth    ..........             (no amulet)
HPRegen  0.13/turn              (no ring)
MPRegen  0.08/turn              (no ring)

@: mighty
A: retaliatory headbutt, horns 2
a: Renounce Religion


You were on level 3 of the Dungeon.
You worshipped Qazlal.
Qazlal was noncommittal.
You were very hungry.

You visited 1 branch of the dungeon, and saw 3 of its levels.

You collected 129 gold pieces.

Inventory:

Hand Weapons
 a - a +0 long sword (weapon)
Armour
 b - a +0 scale mail (worn)
 c - a +0 shield (worn)
Jewellery
 i - an uncursed amulet of guardian spirit {unknown}
 q - a +3 ring of evasion {unknown}
Scrolls
 g - 4 scrolls of identify {unknown}
 h - 3 scrolls of teleportation {unknown}
 k - a scroll of magic mapping {unknown}
 l - a scroll of enchant weapon {unknown}
 p - a scroll of fear {unknown}
 r - a scroll of amnesia {unknown}
Potions
 e - a potion of brilliance {unknown}
 j - a potion of flight {unknown}
 m - 2 potions of curing {unknown}
 n - a potion of lignification {unknown}
 o - a potion of agility {unknown}
Comestibles
 f - 5 rations


   Skills:
 + Level 4.3 Fighting
 + Level 3.3 Long Blades
 + Level 4.3 Armour
 + Level 4.3 Shields


You had 3 spell levels left.
You didn't know any spells.
Your spell library was empty.

Dungeon Overview and Level Annotations

Branches:
Dungeon (3/15)

Altars:
Gozag
Okawaru
Qazlal
Sif Muna
Uskayaw

Annotations:
D:3 Sigmund


Innate Abilities, Weirdness & Mutations

You reflexively headbutt those who attack you in melee.
You have a pair of horns on your head.


Message History

Sigmund hits you with a scythe.
You're too confused to move!
Sigmund says, "Now you see me, now you don't..."
Sigmund hits you with a scythe.
* * * LOW HITPOINT WARNING * * *
You see here a hobgoblin corpse.
You closely miss Sigmund.
Sigmund is severely wounded.
Sigmund barely misses you.
Sigmund hits you from afar with a scythe!
* * * LOW HITPOINT WARNING * * *
Items here: )) ? † a club; a scroll labeled XOSYMU NAV VOA; a flail; a goblin corpse Sigmund says, "I'm your fate."
Sigmund casts a spell at you. You resist with some effort.
You feel less confused.
Sigmund points at you and mumbles some strange words.
The puff of flame hits you!
You die...

#.# #### ##.####
########## #... ..[...
.......... #.#.##....#
########..
#....$....###########..
#<#.......##.......##..
...#.....##.......##..
#'#.#.#.@............##..
...>.o@†)............'...
....#.#.##.?.........##..
.. .' #.##....#########..
... #.####### #.. ... ..#
### .. ### .


You could see Sigmund and an orc.

Vanquished Creatures
  An adder (D:2)
  2 worms (D:2)
  2 dart slugs (D:1)
  6 orcs (D:3)
  A ball python (D:1)
  A giant cockroach (D:3)
  7 goblins
  3 hobgoblins
  4 jackals (D:2)
  7 bats
  9 kobolds
  4 rats
47 creatures vanquished.

Notes
Turn   | Place    | Note
-------+----------+-------------------------------------------
     0 | D:1      | lysyklops the Minotaur Fighter began the quest for the Orb.
     0 | D:1      | Reached XP level 1. HP: 19/19 MP: 0/0
   165 | D:1      | Reached XP level 2. HP: 27/27 MP: 1/1
   845 | D:2      | Found an opulent altar of Gozag.
   917 | D:2      | Reached XP level 3. HP: 33/33 MP: 2/2
   954 | D:2      | Found a deep blue altar of Sif Muna.
  1038 | D:2      | Found a hide-covered altar of Uskayaw.
  1178 | D:2      | Found an iron altar of Okawaru.
  1246 | D:2      | Found a stormy altar of Qazlal.
  1296 | D:2      | Became a worshipper of Qazlal Stormbringer
  1895 | D:3      | Reached XP level 4. HP: 27/40 MP: 3/3
  1898 | D:3      | Noticed Sigmund
  1912 | D:3      | Killed from afar by Sigmund

Skill      XL: |  1  2 |
---------------+-------+-----
Armour         | 4 |  4.3
Fighting       | 4 |  4.3
Shields        | 4 |  4.3
Long Blades    | 3 |  3.3

Action                   |  1- 3 |  4- 6 || total
-------------------------+-------+-------++-------
Melee: Long sword        |   105 |     8 ||   113
       Headbutt          |    17 |       ||    17
  Use: Potion            |       |     1 ||     1
  Eat: Chunk             |     2 |       ||     2
Armor: Scale mail        |    52 |     1 ||    53
Dodge: Dodged            |    29 |     3 ||    32
Block: Shield            |    58 |     5 ||    63
       Rpst.: Long sword |     8 |       ||     8
